 Dungeon Crawl Stone Soup version 0.31-a0-174-g85c54bcb58 (webtiles) character file.

Game seed: 3628506760975218072

2580 lunkers the Grappler (level 10, -7/83 HPs)
             Began as a Meteoran Wanderer on June 15, 2023.
             Was a Believer of Okawaru.
             Mangled by a two-headed ogre
             ... wielding a +0 giant spiked club
              (23 damage)
             ... on level 9 of the Dungeon.
             The game lasted 00:16:31 (4226 turns).

lunkers the Grappler (Meteoran Wanderer)            Turns: 4226, Time: 00:16:32

Health: -7/83      AC: 16    Str: 21    XL:     10   Next: 12%
Magic:  14/16      EV: 13    Int: 12    God:    Okawaru [**....]
Gold:   572        SH:  0    Dex: 13    Spells: 10/11 levels left

rFire   . .          .
                       - Unarmed
rCold   . . .        (no shield)
rNeg    . . .        o - +0 scale mail
rPois   +            c - +1 helmet
rElec   .            d - +0 cloak
rCorr   .            p - +2 pair of gloves {Stlth+}
SInv    .            (no boots)
Will    ++...        (no amulet)
Stlth   +            q - ring of poison resistance
HPRegen 0.33/turn    r - ring of willpower
MPRegen 0.15/turn

%: no passive effects
@: heroic, glowing
A: sense surroundings 2, otherworldly, glowing, explore regen
a: Renounce Religion, Heroism


You were on level 9 of the Dungeon.
You worshipped Okawaru.
Okawaru was pleased with you.
You visited 2 branches of the dungeon, and saw 10 of its levels.

You collected 572 gold pieces.

Inventory:

Armour
 c - a +1 helmet (worn)
 d - a +0 cloak (worn)
 o - a +0 scale mail (worn)
 p - a +2 pair of gloves of stealth (worn)
Jewellery
 l - a ring of flight
 q - a ring of poison resistance (left hand)
 r - a ring of willpower (right hand)
Wands
 u - a wand of flame (11)
Scrolls
 b - 3 scrolls of blinking
 i - 2 scrolls of teleportation
 m - a scroll of amnesia
 n - a scroll of vulnerability
Potions
 a - a potion of invisibility {unknown}
 e - a potion of brilliance
 f - a potion of haste {unknown}
 g - 3 potions of mutation {unknown}
 h - 2 potions of curing
 j - a potion of enlightenment {unknown}
 k - a potion of magic {unknown}
 s - a potion of resistance {unknown}
 t - a potion of heal wounds {unknown}


   Skills:
 + Level 5.6(10.6) Fighting
 + Level 6.2(11.2) Armour
 - Level 2.4(7.4) Dodging
 - Level 12.0(17.0) Unarmed Combat
 - Level 1.3 Spellcasting
 - Level 1.2 Earth Magic
 - Level 7.0 Invocations


You had 10 spell levels left.
You knew the following spells:

 Your Spells              Type           Power      Damage    Failure   Level
p - Sandblast             Erth           6%         2d5       36%         1

Your spell library contained the following spells:

 Spells                   Type           Power      Damage    Failure   Level
 Sting                    Tmut/Pois      0%         1d3       54%         1
 Lesser Beckoning         Tloc           0%         N/A       67%         2
 Poisonous Vapours        Pois/Air       0%         N/A       67%         2
 Stone Arrow              Conj/Erth      4%         3d7       83%         3
 Gell's Gravitas          Tloc           0%         N/A       88%         3
 Teleport Other           Tloc           0%         N/A       88%         3
 Olgreb's Toxic Radiance  Pois           0%         N/A       99%         4


Dungeon Overview and Level Annotations

Branches:
Dungeon (9/15) Zot: 2779   Temple (1/1) D:5 Zot: 542    Lair (0/5) D:9
    Orc: D:9-12

Altars:
Ashenzari
Cheibriados
Dithmenos
Elyvilon
Fedhas
Gozag
Hepliaklqana
Kikubaaqudgha
Okawaru
Qazlal
Ru
Sif Muna
Trog
Uskayaw
Vehumet
Wu Jian
Xom
Zin
The Shining One

Shops:
D:7 *(

Annotations:
D:9 Erica


Innate Abilities, Weirdness & Mutations

You passively map the area around you.
You are easily found by Zot.
You glow in the dark.
You regain HP and MP as you explore.


Message History

Things that are here:
a killer bee corpse; a killer bee corpse
Found 9 gold pieces.
You feel like a meek peon again.
You now have 564 gold pieces (gained 9).
Found a stone staircase leading down.
Found a sharpened lead wand.
u - a wand of flame (11)
A bullfrog comes into view.
The bullfrog gives a loud, deep croak!
You miscast Sandblast.
You are very lightly contaminated with residual magic.
Nothing appears to happen.
You closely miss the bullfrog. The bullfrog barely misses you.
You closely miss the bullfrog. The bullfrog barely misses you.
You hit the bullfrog.
The bullfrog is moderately wounded.
The bullfrog hits you.
You pummel the bullfrog!!
You kill the bullfrog!
Okawaru accepts your kill.
Found a hand axe.
Your magical contamination has completely faded away.
Found 8 gold pieces.
You now have 572 gold pieces (gained 8).
A two-headed ogre comes into view.
It is wielding two +0 giant spiked clubs.
The two-headed ogre shouts in stereo!
You hear a shout! x2
The two-headed ogre hits you with a +0 giant spiked club! x2
The two-headed ogre hits you with a +0 giant spiked club!!
* * * LOW HITPOINT WARNING * * *
The two-headed ogre hits you with a +0 giant spiked club!
* * * LOW HITPOINT WARNING * * *
You gain the combat prowess of a mighty hero.
Unknown command.
Unknown command.
You hit the two-headed ogre.
The two-headed ogre is lightly wounded.
The two-headed ogre hits you but does no damage.
The two-headed ogre hits you with a +0 giant spiked club!!
You die...

........# #.# *,
........# #.# ........#
#.# *, ........# #.# *
........# #.# ,
........# #.# , ,,
........# #.# , *
........########.######.
*
...............O@.......
##.###########.#########
#.# #. #.# #, #.# ,* #.#
, #.########### * ****
#............, , ,
#####........,,, , ,
,...


You could see a two-headed ogre.

Vanquished Creatures
  A hornet (D:8)
  Sigmund (D:6)
  2 sky beasts
  2 ice beasts
  2 ogres
  A kobold brigand (D:7)
  4 bullfrogs
  2 scorpions
  5 wights (D:8)
  8 killer bees
  A hound (D:6)
  2 sleepcaps
  A gnoll bouda (D:5)
  4 orc priests
  Crazy Yiuf (D:2)
  3 iguanas
  3 jellies
  2 orc wizards (D:8)
  3 gnolls (D:5)
  2 adders
  A shadow imp (D:8)
  3 white imps
  2 ufetubi
  3 worms
  2 dart slugs
  12 orcs
  4 ball pythons
  6 bats
  5 endoplasms
  5 goblins
  8 hobgoblins
  12 kobolds
  2 quokkas
  7 frilled lizards
  2 rats (D:1)
124 creatures vanquished.

Notes
Turn   | Place    | Note
-------+----------+-------------------------------------------
     0 | D:1      | lunkers the Meteoran Wanderer began the quest for the Orb.
     0 | D:1      | lunkers set off with the following items: a +0 club, 2
                  | scrolls of blinking, a +0 helmet, a +0 leather armour, a
                  | potion of brilliance; and the following spell memorised:
                  | Sandblast; and the following spells available to memorise:
                  | Stone Arrow.
     0 | D:1      | Reached XP level 1. HP: 14/14 MP: 3/3
    46 | D:1      | Reached XP level 2. HP: 20/20 MP: 1/5
   307 | D:1      | Reached XP level 3. HP: 26/26 MP: 4/6
   525 | D:2      | Identified the +2 mace of Destiny {flame, rPois Str-4
                  | Int+2}
   530 | D:2      | Reached skill level 7 in Unarmed Combat
   789 | D:2      | Found a runed translucent door.
   790 | D:2      | Noticed Crazy Yiuf
   798 | D:2      | Killed Crazy Yiuf
   799 | D:2      | Reached XP level 4. HP: 24/33 MP: 7/7
   985 | D:3      | Found a sacrificial altar of Ru.
  1040 | D:3      | Reached XP level 5. HP: 38/38 MP: 5/8
  1097 | D:3      | Found a snail-covered altar of Cheibriados.
  1262 | D:4      | Reached skill level 8 in Unarmed Combat
  1353 | D:4      | Identified a scroll of acquirement
  1353 | D:4      | Acquired a +2 pair of gloves of stealth
  1584 | D:5      | Entered Level 5 of the Dungeon
  1595 | D:4      | Reached skill level 9 in Unarmed Combat
  1595 | D:4      | Reached XP level 6. HP: 16/45 MP: 9/9
  1728 | D:5      | Found a hazy altar of Hepliaklqana.
  1736 | D:5      | You fall into a shaft and drop 1 floor!
  1829 | D:6      | Reached XP level 7. HP: 50/50 MP: 10/10
  1853 | D:5      | Reached skill level 10 in Unarmed Combat
  1948 | D:5      | Found a staircase to the Ecumenical Temple.
  1954 | Temple   | Entered the Ecumenical Temple
  2140 | Temple   | Became a worshipper of Warmaster Okawaru
  2332 | D:5      | Reached XP level 8. HP: 5/57 MP: 11/11
  2619 | D:5      | Reached skill level 11 in Unarmed Combat
  2803 | D:6      | Reached * piety under Okawaru
  2999 | D:6      | Found a hide-covered altar of Uskayaw.
  3068 | D:6      | Noticed Sigmund
  3075 | D:6      | Killed Sigmund
  3076 | D:6      | Reached skill level 12 in Unarmed Combat
  3076 | D:6      | Reached skill level 5 in Invocations
  3287 | D:7      | Found Janlitet's Antique Weapon Shop.
  3306 | D:7      | Gained mutation: You passively map the area around you.
                  | [Meteoran growth]
  3306 | D:7      | Reached XP level 9. HP: 53/63 MP: 14/14
  3318 | D:7      | Found Menteocu's Gadget Gallery.
  3325 | D:7      | Reached skill level 1 in Fighting
  3325 | D:7      | Reached skill level 1 in Armour
  3409 | D:7      | Found an opulent altar of Gozag.
  3653 | D:8      | Found a broken altar of Ashenzari.
  3699 | D:8      | Found an ornate altar of the Wu Jian Council.
  3835 | D:8      | Reached ** piety under Okawaru
  3890 | D:8      | Noticed a hornet
  3907 | D:8      | Killed a hornet
  3908 | D:8      | Reached skill level 5 in Armour
  4004 | D:8      | Reached skill level 5 in Fighting
  4010 | D:8      | Reached XP level 10. HP: 80/81 MP: 16/16
  4047 | D:9      | Noticed Erica
  4089 | D:9      | Found a staircase to the Lair.
  4222 | D:9      | Noticed a two-headed ogre
  4226 | D:9      | Mangled by a two-headed ogre

Illustrated notes

Levels and vault maps discovered:
D:1:      reono_arrival_forest_river, layout_loops_ring, reono_crystal_passage,
          st_stairs_5, minmay_pentomino_z2
D:2:      layout_loops_ring, guppyfry_early_lair_pool, uniq_crazy_yiuf_cottage
D:3:      layout_loops_cross, nicolae_ru_path_of_blood,
          mainiacjoe_overflow_alcove_1, ebering_ecumenical_altar_petrified
D:4:      layout_rooms
D:5:      layout_basic, mainiacjoe_overflow_surrounded_room,
          minmay_temple_entry_enclosed_plants
D:6:      layout_basic, mainiacjoe_overflow_swirl, serial_bayou_lagoon_a,
          minmay_stone_trees_medium, uniq_sigmund
D:7:      layout_loops_ring, mainiacjoe_overflow_boulevard, serial_shops,
          nicolae_shop_advertising_works [nicolae_subvault_shop_adworks],
          nicolae_shop_gadgets
D:8:      layout_rooms, mainiacjoe_overflow_cross_hatched,
          nzn_wu_jian_council_hall, hellmonk_guarded_unrand_hermit
D:9:      layout_small_grid, bloody_makhleb, lair_entry_dummy, uniq_erica,
          uniq_grum
Temple:   minmay_temple_bridge_abc

Skill      XL: |  1  2  3  4  5  6  7  8  9 10 |
---------------+-------------------------------+-----
Unarmed Combat | 7 9 10 12 | 12.0
Invocations    | 2 5 7 |  7.0
Fighting       | 5 |  5.6
Armour         | 5 6 |  6.2
Dodging        | |  2.4
Spellcasting   | |  1.3
Earth Magic    | |  1.2

Action                     |  1- 3 |  4- 6 |  7- 9 | 10-12 || total
---------------------------+-------+-------+-------+-------++-------
  Melee: Unarmed           |    55 |    79 |   219 |    32 ||   385
         Punch             |     3 |     2 |    10 |     3 ||    18
   Cast: Sandblast         |    19 |     5 |     7 |       ||    31
 Invoke: Heroism           |       |       |     3 |     3 ||     6
    Use: Scroll            |     6 |     2 |     3 |       ||    11
 Armour: Leather armour    |    10 |       |       |       ||    10
         Scale mail        |     1 |    28 |   117 |    15 ||   161
  Dodge: Dodged            |    22 |    28 |    78 |    19 ||   147

Table legend: (Time is in decaauts)
 A = Elapsed time spent in this place.
 B = Non-inter-level travel time spent in this place.
 C = Inter-level travel time spent in this place.
 D = Time resting spent in this place.
 E = Time spent auto-exploring this place.
 F = Levels seen in this place.
 G = Mean time per level.
                   A        B        C        D        E       F      G
               +--------+--------+--------+--------+--------+-----+--------+
         Total |   4177 |   4010 |    167 |      0 |   2209 |  10 |  417.7 |
       Dungeon |   3969 |   3812 |    157 |      0 |   2042 |   9 |  441.0 |
        Temple |    207 |    197 |     10 |      0 |    167 |   1 |  207.0 |
               +--------+--------+--------+--------+--------+-----+--------+

Top non-repeatable levels by time:
     D:5: 721 daAuts
     D:6: 568 daAuts
     D:1: 481 daAuts
     D:7: 454 daAuts
     D:3: 421 daAuts
     D:8: 411 daAuts
     D:4: 376 daAuts
     D:2: 365 daAuts
  Temple: 207 daAuts
     D:9: 169 daAuts
